 Dungeon Crawl Stone Soup version 0.18-a0-844-g9229740 (webtiles) character file.

2618 Crishpax the Thaumaturge (level 9, -6/45 HPs)
             Began as a Deep Elf Wizard on Dec 18, 2015.
             Killed from afar by an orc wizard (11 damage)
             ... with a puff of frost
             ... on level 7 of the Dungeon.
             The game lasted 00:22:34 (8708 turns).

Crishpax the Thaumaturge (Deep Elf Wizard)          Turns: 8708, Time: 00:22:34

Health: -6/45      AC:  3    Str:  8    XL:     9   Next: 34%
Magic:  22/27      EV: 18    Int: 27    God:
Gold:   323        SH:  0    Dex: 13    Spells: 5 memorised, 21 levels left

rFire  . . .     SeeInvis .     t - +1 spear (venom)
rCold  . . .     Gourm    .     a - +0 robe
rNeg   . . .     Faith    .     (no shield)
rPois  .         Spirit   .     b - +0 hat
rElec  .         Dismiss  .     o - +0 cloak
rCorr  .         Reflect  .     (no gloves)
SustAt .         Harm     .     (no boots)
MR     .....                    (no amulet)
Stlth  ++........               q - +6 ring of evasion
                                k - +4 ring of strength

@: repel missiles, not resistant to hostile enchantments, unstealthy
A: no striking features
a: no special abilities


You were on level 7 of the Dungeon.
You were hungry.

You visited 2 branches of the dungeon, and saw 8 of its levels.
You also visited: Sewer.

You collected 323 gold pieces.

Inventory:

Hand Weapons
 t - a +1 spear of venom (weapon)
Armour
 a - a +0 robe (worn)
 b - a +0 hat (worn)
 o - a +0 cloak (worn)
Jewellery
 k - a +4 ring of strength (left hand)
 p - an uncursed ring of fire
 q - a +6 ring of evasion (right hand)
 y - an uncursed ring of sustain attributes
Scrolls
 f - 2 scrolls of remove curse
 g - a scroll of enchant armour {unknown}
 h - a scroll of noise {unknown}
 j - 4 scrolls of enchant weapon {unknown}
 m - a scroll of blinking
 r - a scroll of fear {unknown}
 s - 3 scrolls of teleportation {unknown}
 u - 5 scrolls of identify {unknown}
 w - 5 scrolls of random uselessness {unknown}
 D - 2 scrolls of immolation {unknown}
 G - a scroll of amnesia {unknown}
Potions
 e - 2 potions of haste {unknown}
 l - 4 potions of curing
 n - 2 potions of degeneration {unknown}
 x - 4 potions of brilliance {unknown}
 A - 2 potions of might {unknown}
 B - a potion of cancellation {unknown}
 I - a potion of poison {unknown}
 J - a potion of beneficial mutation {unknown}
Books
 c - a book of Minor Magic

   Spells                             Type                      Level
   a - Magic Dart                     Conjuration                  1
   b - Blink                          Translocation                2
   c - Call Imp                       Summoning                    2
   d - Repel Missiles                 Charms/Air                   2
   e - Slow                           Hexes                        2
   f - Conjure Flame                  Conjuration/Fire             3
   g - Mephitic Cloud                 Conjuration/Poison/Air       3
 H - a book of Air

   Spells                             Type                      Level
   a - Shock                          Conjuration/Air              1
   b - Swiftness                      Charms/Air                   2
   c - Repel Missiles                 Charms/Air                   2
   d - Static Discharge               Conjuration/Air              3
   e - Lightning Bolt                 Conjuration/Air              5
Comestibles
 d - 3 bread rations
 i - 4 meat rations
 v - 3 fruits
 z - 2 slices of pizza
 C - 2 royal jellies
 F - 2 beef jerkies


   Skills:
 - Level 2.4 Dodging
 - Level 2.4 Stealth
 + Level 12.1 Spellcasting
 + Level 9.9 Conjurations
   Level 1.1 Summonings
 - Level 1.1 Translocations


You had 21 spell levels left.
You knew the following spells:

 Your Spells              Type           Power        Failure   Level  Hunger
a - Magic Dart            Conj           ####         1%          1    None
b - Blink                 Tloc           N/A          3%          2    None
c - Conjure Flame         Conj/Fire      #####...     1%          3    None
d - Mephitic Cloud        Conj/Pois/Air  ####....     2%          3    None
e - Repel Missiles        Chrm/Air       ###...       6%          2    None


Dungeon Overview and Level Annotations

Branches:
Dungeon (7/15)             Temple (1/1) D:4

Altars:
Ashenzari
Cheibriados
Dithmenos
Elyvilon
Fedhas
Nemelex Xobeh
Okawaru
Pakellas
Ru
Trog
Xom
Yredelemnul
Zin
The Shining One

Shops:
D:4 [

Annotations:
D:7 Crishpax's ghost, novice DEWz


Message History

* * * LOW HITPOINT WARNING * * *
You are too injured to fight recklessly!
Unknown command.
You are too injured to fight recklessly!
Attack whom?
Press: ? - help, Dir - move target cursor, f - orc
Aim: an orc, wielding a club (almost dead, confused)
You reach to attack!
You barely miss the orc.
The orc is almost dead.
The orc closely misses Crishpax's ghost.
Something barely misses you.
Casting: Mephitic Cloud
Confirm with . or Enter, or press ? or * to list all spells.
Aiming: Conjure Flame
Press: ? - help, Dir - move target cursor, p - orc You see a ghostly outline there, and the spell fizzles.
You hear some strange, mumbled words.
A puff of frost appears from out of thin air!
The puff of frost hits you!
You die...

#.........###
###......W.#.#
#........<[..#
..#........#.##
...%....o..o..##
##.......)..#..###
...........[##{Wo#
........."..####)#
##..........# #@#
##........## #.#
#.................#
#..........#......#
#..........#......#
#..........#......#
#..........########


You could see Crishpax's ghost and an orc (confused).

Vanquished Creatures
  Pikel (D:4)
  The ghost of Mashchax the Thaumaturge, a novice DEWz (D:6)
  A phantom (D:5)
  A black bear (D:4)
  2 sky beasts
  2 slaves (D:4)
  An ice beast (D:6)
  A centaur (D:5)
  6 ogres
  2 giant frogs
  Blork the orc (D:4)
  A scorpion (D:6)
  An orc priest (D:5)
  3 hounds
  3 orc wizards
  A worker ant (D:5)
  An iguana (D:4)
  A hound skeleton (D:4)
  9 gnolls
  10 adders
  7 river rats
  An ooze (D:1)
  An adder skeleton (D:6)
  An adder zombie (D:5)
  4 worms
  13 orcs
  A ball python (Sewer)
  4 giant cockroaches
  8 hobgoblins
  18 jackals
  7 kobolds
  3 quokkas
  7 bats
  A giant cockroach zombie (D:5)
  6 giant geckos
  12 giant newts
  7 goblins
  A quokka zombie (D:7)
  14 rats
  A plant (D:2)
166 creatures vanquished.

Notes
Turn   | Place    | Note
--------------------------------------------------------------
     0 | D:1      | Crishpax the Deep Elf Wizard began the quest for the Orb.
     0 | D:1      | Reached XP level 1. HP: 10/10 MP: 7/7
   295 | D:1      | Reached XP level 2. HP: 15/15 MP: 4/9
   963 | D:1      | Reached skill level 5 in Spellcasting
  1146 | D:2      | Reached XP level 3. HP: 19/19 MP: 6/11
  1185 | D:2      | Learned a level 2 spell: Blink
  1189 | D:2      | Learned a level 3 spell: Conjure Flame
  1193 | D:2      | Learned a level 3 spell: Mephitic Cloud
  1196 | D:2      | Learned a level 2 spell: Repel Missiles
  1526 | D:2      | Found a glowing golden altar of the Shining One.
  1811 | D:2      | Reached XP level 4. HP: 24/24 MP: 1/13
  2353 | D:2      | Reached skill level 6 in Spellcasting
  2684 | D:2      | Found a glowing golden altar of the Shining One.
  2823 | D:2      | Reached XP level 5. HP: 28/28 MP: 15/15
  4256 | D:4      | Noticed Blork the orc
  4268 | D:4      | Killed Blork the orc
  4268 | D:4      | Reached skill level 7 in Spellcasting
  4268 | D:4      | Reached XP level 6. HP: 24/32 MP: 15/18
  4386 | D:4      | Reached skill level 5 in Conjurations
  4635 | D:4      | Found a glowing drain.
  4693 | Sewer    | Entered a sewer
  5350 | D:4      | Reached skill level 8 in Spellcasting
  5350 | D:4      | Reached XP level 7. HP: 36/36 MP: 16/20
  5398 | D:4      | Found Bajewn's Antique Armour Emporium.
  5427 | D:4      | Found a staircase to the Ecumenical Temple.
  5436 | Temple   | Entered the Ecumenical Temple
  5823 | D:4      | Noticed Pikel
  5854 | D:4      | Killed Pikel
  5854 | D:4      | Reached skill level 9 in Spellcasting
  5854 | D:4      | Reached XP level 8. HP: 41/41 MP: 13/23
  6125 | D:5      | Entered Level 5 of the Dungeon
  6164 | D:4      | Reached skill level 10 in Spellcasting
  7320 | D:6      | Reached skill level 11 in Spellcasting
  7424 | D:6      | Found a sparkling altar of Nemelex Xobeh.
  7453 | D:6      | Found an oddly glowing altar of Pakellas.
  7459 | D:6      | Noticed Mashchax's ghost (novice DEWz)
  7482 | D:6      | Found a basalt altar of Yredelemnul.
  7555 | D:6      | Found a snail-covered altar of Cheibriados.
  7938 | D:6      | Killed Mashchax's ghost
  7938 | D:6      | Reached XP level 9. HP: 27/45 MP: 1/26
  8404 | D:6      | Found a glowing silver altar of Zin.
  8404 | D:6      | Found a shimmering altar of Xom.
  8404 | D:6      | Noticed an angel
  8446 | D:6      | Found a shadowy altar of Dithmenos.
  8463 | D:6      | Reached skill level 12 in Spellcasting
  8680 | D:7      | Noticed Crishpax's ghost (novice DEWz)
  8708 | D:7      | Killed from afar by an orc wizard

Vault maps used:
D:1:      saegor_arrival_simple_a
D:2:      wad_woods_stonehenge, lemuel_crystal_altar
D:3:      st_stairs_11, nrook_loot_triangle
D:4:      black_bear_nest_2, minmay_temple_entry_trees, first_bread,
          serial_shops, nicolae_shop_trees, gup_sewer_entry_spiral,
          minmay_liquid_box, uniq_blork_the_orc, uniq_pikel
D:6:      grunt_temple_overflow_order_and_chaos_1,
          nicolae_overflow_quartered_altars, minmay_misc_feat_ornament,
          nicolae_dithmenos_the_darkroom
D:7:      grunt_temple_overflow_magic_moments, lemuel_coloured_pillars_altar,
          serial_shops, nicolae_shop_window_shopping, serial_bayou_pond_c,
          grunt_ogre_cave, uniq_menkaure
Temple:   nicolae_temple_great_sept
Sewer:    sewer_co_cracked_pipes

Action                   |  1- 3 |  4- 6 |  7- 9 || total
-------------------------+-------+-------+-------++-------
Melee: Unarmed           |     6 |       |       ||     6
       Spear             |       |   177 |   237 ||   414
 Cast: Magic Dart        |    66 |   107 |   114 ||   287
       Mephitic Cloud    |     3 |    11 |    18 ||    32
       Blink             |     2 |       |    11 ||    13
       Repel Missiles    |     1 |     1 |       ||     2
       Conjure Flame     |     1 |     5 |    19 ||    25
  Use: Potion            |       |       |     3 ||     3
       Scroll            |       |       |     2 ||     2
 Stab: Confused          |     1 |     3 |     9 ||    13
       Sleeping          |       |     7 |     3 ||    10
  Eat: Chunk             |     2 |    11 |     9 ||    22
       Beef jerky        |       |     1 |       ||     1
       Fruit             |       |       |     1 ||     1
